AoeStats
← tbzachary

Yucatan

503132917Analyzed
2v2 RM · 1mo ago on Aug 30, 2026· 45m 54s· 4 players
Game mode
Random Map
Map size
Medium (4 player)
Population
200
Speed
Normal
Resources
Standard
Victory
Conquest
Starting age
Dark Age
Ending age
Imperial Age
RankedLock teamsTeams togetherTeam positionsShared explorationLock speedFull tech treeHidden civsTurbo modeCheats
Victory
Defeat
🇺🇸 Slavs · United States
747
+11
🇫🇷 Franks · France
704
+13
🇮🇹 Romans · Italy
653
-13
🇷🇺 Persians · Russia
629
-12
PeterMolly
12:40 Feudal Age
13:34 Horse Collar
13:49 Double-Bit Axe
16:27 Gold Mining
22:15 Castle Age
20:20 Scale Mail Armor
22:03 Man-at-Arms
25:02 Heavy Plow
25:39 Gold Shaft Mining
25:02 Long Swordsman
Livsha
10:37 Feudal Age
11:55 Wheelbarrow
11:06 Town Watch
11:43 Horse Collar
12:23 Loom
12:26 Double-Bit Axe
12:31 Arson
20:32 Castle Age
18:25 Fletching
18:37 Padded Archer Armor
19:23 Forging
21:28 Gambesons
22:13 Caravan
24:10 Bow Saw
24:49 Heavy Plow
24:48 Bodkin Arrow
26:39 Scale Barding Armor
27:11 Iron Casting
29:31 Hand Cart
29:46 Squires
32:17 Bloodlines
32:16 Stone Mining
32:34 Pikeman
34:37 Scale Mail Armor
38:06 Imperial Age
36:55 Husbandry
38:01 Leather Archer Armor
39:22 Chain Mail Armor
45:28 Citadels
xPredatOoR
11:25 Feudal Age
13:27 Double-Bit Axe
18:40 Loom
20:00 Gold Mining
23:52 Castle Age
22:33 Scale Barding Armor
24:56 Scale Mail Armor
24:28 Pikeman
26:28 Gold Shaft Mining
33:12 Wheelbarrow
33:51 Stone Mining
36:15 Hand Cart
36:31 Chain Barding Armor
42:32 Imperial Age
42:36 Cavalier
tbzachary
7:22 Loom
11:10 Feudal Age
18:22 Castle Age
18:20 Double-Bit Axe
18:38 Horse Collar
20:27 Bow Saw
21:20 Heavy Plow
25:41 Gold Mining
25:41 Stone Mining
26:57 Gold Shaft Mining
27:47 Detinets
28:24 Husbandry
31:06 Scale Barding Armor
31:12 Forging
33:43 Imperial Age
32:50 Bloodlines
34:02 Wheelbarrow
33:04 Pikeman
33:46 Squires
34:02 Caravan
35:10 Hand Cart
36:48 Two-Man Saw
36:26 Elite Boyar
38:19 Chain Barding Armor
38:35 Iron Casting
37:57 Fletching
38:09 Padded Archer Armor
39:49 Heavy Scorpion
41:30 Ballistics
44:09 Chemistry
42:56 Halberdier
43:56 Druzhina
46:04 Siege Engineers
Connection lost

Rejoining the realm…

Still unreachable

The connection could not be restored.

Session expired

The server has moved on; the page needs a fresh start.